 Dungeon Crawl Stone Soup version 0.30-a0-49-g1cef19eb02 (webtiles) character file.

Game seed: 7318940110624363171

219 MrFrogsmire the Conjurer (level 5, 0/33 HPs)
             Began as an Octopode Conjurer on Sept 3, 2022.
             Was a Plaything of Xom.
             Slain by a gnoll
             ... wielding a +0 spear
             ... led by a gnoll bouda
              (9 damage)
             ... on level 3 of the Dungeon.
             The game lasted 00:12:02 (1901 turns).

MrFrogsmire the Conjurer (Octopode Conjurer)        Turns: 1901, Time: 00:12:03

Health: 0/33       AC:  1    Str:  7    XL:     5   Next: 96%
Magic:  0/9        EV: 13    Int: 22    God:    Xom [..*...]
Gold:   55         SH:  0    Dex: 16    Spells: 8/9 levels left

rFire   . . .      SeeInvis .    d - +0 short sword
rCold   . . .      Faith    .    (no shield)
rNeg    . . .      Spirit   .    (helmet restricted)
rPois   .          Reflect  .    (no amulet)
rElec   .          Harm     .    j - +6 ring of dexterity
rCorr   .          Rampage  .    (no ring)
Will    .....                    (no ring)
Stlth   ++++......               (no ring)
HPRegen 0.11/turn                (no ring)
MPRegen 0.11/turn                (no ring)
                                 (no ring)
                                 (no ring)

@: no status effects
A: almost no armour, amphibious, 8 rings, camouflage 1, gelatinous body 1,
(nimble swimmer 1), tentacles
a: Renounce Religion


You were on level 3 of the Dungeon.
You worshipped Xom.
You were a toy of Xom.
You visited 1 branch of the dungeon, and saw 3 of its levels.

You collected 55 gold pieces.

Inventory:

Hand Weapons
 d - a +0 short sword (weapon)
Missiles
 g - 6 atropa-tipped darts
Jewellery
 j - a +6 ring of dexterity (left tentacle)
Scrolls
 b - a scroll of amnesia {unknown}
 c - 3 scrolls of enchant armour {unknown}
 f - a scroll of identify {unknown}
 k - a scroll of summoning {unknown}
 l - a scroll of magic mapping {unknown}
Potions
 a - a potion of magic
 e - a potion of curing {unknown}
 h - 2 potions of might {unknown}
 i - a potion of attraction {unknown}


   Skills:
 + Level 1.0 Fighting
 + Level 1.8 Short Blades
 + Level 0.5 Throwing
 + Level 2.4 Dodging
 + Level 3.7 Stealth
 + Level 2.9 Spellcasting
 + Level 5.3 Conjurations


You had 8 spell levels left.
You knew the following spells:

 Your Spells              Type           Power      Damage    Failure   Level
a - Magic Dart            Conj           100%       1d8       1%          1

Your spell library contained the following spells:

 Spells                   Type           Power      Damage    Failure   Level
 Searing Ray              Conj           52%        2d6       1%          2
 Dazzling Flash           Conj/Hex       30%        N/A       12%         3
 Fulminant Prism          Conj/Hex       7%         3d7       38%         4
 Iskenderun's Mystic Bla  Conj/Tloc      15%        2d5       38%         4


Dungeon Overview and Level Annotations

Branches:
Dungeon (3/15)

Altars:
Xom


Innate Abilities, Weirdness & Mutations

You cannot wear most types of armour.
You are amphibious.
You can wear up to eight rings at the same time.
Your skin changes colour to match your surroundings (Stealth+).
Your rubbery body absorbs attacks. (AC +1, EV +1)
((You are camouflaged when in or above water. (Stealth+)))
You have tentacles for arms and can constrict up to eight enemies at once.


Message History

The gnolls pick up the pace!
The magic dart hits the gnoll but does no damage.
The gnoll is heavily wounded.
The gnoll bouda calls upon its god to heal the gnoll.
The gnoll is healed somewhat.
The gnoll barely misses you.
You are out of magic!
You are out of magic!
You barely miss the gnoll. Your grab misses the gnoll.
The gnoll is lightly wounded.
An endoplasm comes into view.
The gnoll completely misses you.
You hit the gnoll. You grab the gnoll.
The gnoll is lightly wounded.
You constrict the gnoll. The gnoll completely misses you.
You hit the gnoll but do no damage.
The gnoll is moderately wounded.
You constrict the gnoll. The gnoll hits you with a +0 whip!
The gnoll hits you from afar with a +0 spear.
You hit the gnoll.
You squeeze the gnoll, but do no damage.
The gnoll is severely wounded.
You constrict the gnoll. The gnoll bouda misses you. The gnoll misses you.
The gnoll barely misses you.
You hit the gnoll.
You kill the gnoll!
Your attacks no longer feel as feeble.
The gnoll misses you.
Your Fighting skill increases to level 1!
You hit the gnoll bouda. You grab the gnoll bouda.
The gnoll bouda is lightly wounded.
You constrict the gnoll bouda, but do no damage.
The gnoll bouda hits you with a +0 club.
The gnoll hits you from afar with a +0 spear.
* * * LOW HITPOINT WARNING * * *
You hit the gnoll bouda. You squeeze the gnoll bouda!
The gnoll bouda is severely wounded.
You constrict the gnoll bouda, but do no damage.
The gnoll bouda barely misses you.
The gnoll hits you from afar with a +0 spear!
You die...

..# #[# #. #.###.# #.##
###...#.## #..# .
###........####.. ..
#................ ...
##...#'#..........
....####...##.##......###
...()#.g.##...##....)...
#Jg.@##.....##....###
#.#.)#⌠..♣..⌠#...## #
#.#..##.)...##....# #
#.#...##...##.....# #
#......##⌠##......# #
###.....###.......# #
##............#####
####.....##...~~8~
########....~~~


You could see a gnoll bouda, a gnoll (swift) and an endoplasm.

Vanquished Creatures
  The ghost of sirJeffrey23 the Trooper, an amateur DrMo (D:3)
  2 gnolls (D:3)
  An adder (D:3)
  5 bats
  2 endoplasms
  4 giant cockroaches
  5 goblins
  4 hobgoblins (D:1)
  7 jackals (D:2)
  2 kobolds
  A quokka (D:2)
  4 ball pythons
  3 frilled lizards
  6 rats
47 creatures vanquished.

Notes
Turn   | Place    | Note
-------+----------+-------------------------------------------
     0 | D:1      | MrFrogsmire the Octopode Conjurer began the quest for the
                  | Orb.
     0 | D:1      | Reached XP level 1. HP: 11/11 MP: 3/3
   165 | D:1      | Reached XP level 2. HP: 17/17 MP: 1/5
   303 | D:1      | Found a faded altar of an unknown god.
   341 | D:1      | Prayed at the altar of an unknown god.
   341 | D:1      | Became a worshipper of Xom the Capricious
   368 | D:1      | XOM: divination: detect creatures
   442 | D:1      | You fall into a shaft and drop 1 floor!
   448 | D:2      | XOM: silly message
   455 | D:2      | XOM: potion effect (invisibility)
   463 | D:2      | Reached XP level 3. HP: 12/21 MP: 1/6
  1000 | D:2      | XOM: silly message
  1053 | D:2      | XOM: divination: detect creatures
  1183 | D:2      | XOM: divination: detect items
  1468 | D:3      | Reached skill level 5 in Conjurations
  1478 | D:3      | Found a runed translucent door.
  1478 | D:3      | Noticed sirJeffrey23's ghost (amateur DrMo)
  1548 | D:3      | Reached XP level 4. HP: 13/27 MP: 0/7
  1729 | D:3      | XOM: potion effect (berserk rage)
  1741 | D:3      | XOM: potion effect (invisibility)
  1744 | D:3      | Killed sirJeffrey23's ghost
  1745 | D:3      | Reached skill level 1 in Short Blades
  1745 | D:3      | Reached XP level 5. HP: 32/32 MP: 7/9
  1807 | D:3      | XOM: silly message
  1900 | D:3      | Reached skill level 1 in Fighting
  1901 | D:3      | Slain by a gnoll

Illustrated notes

Levels and vault maps discovered:
D:1:      tarquinn_simple_flora_water_a, layout_rooms,
          shapermc_ecumenical_altar_starsandcircs
D:2:      kennysheep_big_flooded_room, layout_loops_corners, serial_forest,
          infiniplex_forest_pool, infiniplex_forest_split,
          infiniplex_forest_clump_curved, infiniplex_forest_clump_small,
          infiniplex_forest_straight_4, infiniplex_forest_lined_corner,
          infiniplex_forest_clump_medium
D:3:      layout_rooms, hellmonk_ghost_happy_afterlife, moated_statue,
          kennysheep_generic_room_7

Skill      XL: |  1  2  3  4  5 |
---------------+----------------+-----
Conjurations   | 5 |  5.3
Short Blades   | 1 |  1.8
Stealth        | 3 |  3.7
Fighting       | 1 |  1.0
Throwing       | |  0.5
Dodging        | |  2.4
Spellcasting   | |  2.9

Action                   |  1- 3 |  4- 6 || total
-------------------------+-------+-------++-------
Melee: Unarmed           |     8 |       ||     8
       Constrict         |    10 |     2 ||    12
       Short sword       |    35 |    24 ||    59
       Tentacles         |     5 |     5 ||    10
       Punch             |     2 |       ||     2
Throw: Dart              |     6 |       ||     6
 Cast: Magic Dart        |    59 |    11 ||    70
 Stab: Invisible         |       |     2 ||     2
Armor: Skin              |     6 |     1 ||     7
Dodge: Dodged            |    43 |    15 ||    58

Table legend: (Time is in decaauts)
 A = Elapsed time spent in this place.
 B = Non-inter-level travel time spent in this place.
 C = Inter-level travel time spent in this place.
 D = Time resting spent in this place.
 E = Time spent auto-exploring this place.
 F = Levels seen in this place.
 G = Mean time per level.
                   A        B        C        D        E       F      G
               +--------+--------+--------+--------+--------+-----+--------+
         Total |   1911 |    819 |   1092 |      0 |      0 |   3 |  637.0 |
       Dungeon |   1911 |    819 |   1092 |      0 |      0 |   3 |  637.0 |
               +--------+--------+--------+--------+--------+-----+--------+

Top non-repeatable levels by time:
     D:2: 1022 daAuts
     D:3: 446 daAuts
     D:1: 442 daAuts
